 Seeded DCSS version 0.31-a0-210-gccc998df9b (webtiles) character file.

Game seed: 8113056780134302019 (custom seed)

396 innerfire43 the Chopper (level 6, 0/48 HPs)
             Began as a Demonspawn Monk on June 30, 2023.
             Slain by an ogre
             ... wielding a +0 giant spiked club
              (27 damage)
             ... on level 5 of the Dungeon.
             The game lasted 00:04:22 (2893 turns).

innerfire43 the Chopper (Demonspawn Monk)           Turns: 2893, Time: 00:04:22

Health: 0/48       AC:  6    Str: 23    XL:     6   Next: 52%
Magic:  6/6        EV: 13    Int: 11    God:
Gold:   169        SH:  0    Dex: 15    Spells: 5/5 levels left

rFire   + . .        f - +2 broad axe of Weomm {pain, *Noise Fragile Str+9 SInv}
rCold   . . .        d - orb {light}
rNeg    . . .        b - +0 robe
rPois   .            h - +0 helmet
rElec   .            t - +0 cloak
rCorr   .            (no gloves)
SInv    +            (no boots)
Will    .....        (no amulet)
Stlth   +            p - ring of Waci {Fly SInv}
HPRegen 0.28/turn    m - ring of protection from fire
MPRegen 0.10/turn

%: no passive effects
@: flying, glowing
A: thin metallic scales 1, demonic touch 2
a: no special abilities


You were on level 5 of the Dungeon.
You visited 1 branch of the dungeon, and saw 5 of its levels.

You collected 169 gold pieces.

Inventory:

Hand Weapons
 a - a +0 hand axe
 f - the +2 broad axe of Weomm (weapon) {pain, *Noise Fragile Str+9 SInv}
   (You acquired it on level 1 of the Dungeon)

   Str:       It affects your strength (+9).
   SInv:      It lets you see invisible.
   *Noise:    It may make noises in combat.
   Fragile:   It will be destroyed if unequipped.
Armour
 b - a +0 robe (worn)
 d - an orb of light (worn)
 h - a +0 helmet (worn)
 k - a +0 tower shield
 t - a +0 cloak (worn)
 y - a +1 robe of willpower
Jewellery
 e - a ring of see invisible
 m - a ring of protection from fire (right hand)
 n - a ring of ice
 p - the ring of Waci (left hand) {Fly SInv}
   (You acquired it on level 2 of the Dungeon)

   [ring of flight]

   SInv:      It lets you see invisible.
   Fly:       It grants you flight.
Scrolls
 g - 2 scrolls of vulnerability {unknown}
 i - 3 scrolls of fog {unknown}
 j - 3 scrolls of teleportation {unknown}
 l - a scroll of amnesia {unknown}
 o - a scroll of blinking {unknown}
 s - a scroll of enchant weapon {unknown}
 u - a scroll of torment {unknown}
 A - a scroll of identify {unknown}
Potions
 c - a potion of ambrosia
 q - a potion of degeneration {unknown}
 r - 3 potions of heal wounds {unknown}
 v - a potion of attraction {unknown}
 w - 2 potions of resistance {unknown}
 x - a potion of haste {unknown}
 z - a potion of enlightenment {unknown}


   Skills:
 - Level 4.3 Fighting
 * Level 4.7 Axes
 - Level 3.1 Dodging
 * Level 3.9 Necromancy


You had 5 spell levels left.
You didn't know any spells.
Your spell library contained the following spells:

 Spells                   Type           Power      Damage    Failure   Level
 Ensorcelled Hibernation  Hex/Ice        0%         N/A       47%         2
 Spider Form              Tmut/Pois      0%         N/A       71%         3
 Anguish                  Hex/Necr       2%         N/A       85%         4


Dungeon Overview and Level Annotations

Branches:
Dungeon (5/15)
 Temple: D:4-7

Altars:
Kikubaaqudgha

Shops:
D:1 ?


Innate Abilities, Weirdness & Mutations

You are partially covered in thin metallic scales. (AC +2)
Your touch may inflict irresistible damage on your foes.


Message History

You fly downwards.
Found 12 gold pieces.
There is a stone staircase leading up here.
An iguana comes into view.
The iguana hisses angrily.
You see here 12 gold pieces.
An iguana is nearby!
An iguana is nearby!
Found a book of Vapours.
The iguana bites you!
You hit the iguana.
You hear a rumbling sound.
The iguana is moderately wounded.
You hear an angry hiss. x2; You hear a shout!
You hear an angry growl.
The iguana bites you.
An iguana is nearby!
You barely miss the iguana.
The iguana is moderately wounded.
The iguana barely misses you.
An iguana is nearby!
You slash the iguana!
You kill the iguana!
Key pressed, stopping explore.
No target in view!
No target in view!
An ogre comes into view. It is wielding a +0 giant spiked club.
You see here an iguana corpse.
An ogre is nearby!
A black bear comes into view.
The black bear growls angrily.
There are monsters nearby!
Found a stone staircase leading down.
You hit the ogre.
The ogre writhes in agony.
The ogre is lightly wounded.
The ogre hits you with a +0 giant spiked club!
There are monsters nearby!
You hit the ogre.
The ogre writhes in agony.
The ogre is moderately wounded.
The ogre hits you with a +0 giant spiked club!!
Ouch! That really hurt!
You die...

############
.......<.$.#
##########.#
#.# ##.# . #.†#
.
....##..###>...
#......@.h.....
#......O.##....
#..##...... ..
#. #........ #
..#:.#.#...
####..#.. ..
#..#.#. . #..#
..


You could see a black bear and an ogre.

Vanquished Creatures
  Grinder (D:3)
  2 iguanas
  A gnoll (D:1)
  6 adders
  2 worms (D:2)
  4 dart slugs
  3 orcs (D:3)
  10 bats
  6 endoplasms
  5 giant cockroaches
  7 goblins
  A hobgoblin (D:3)
  6 kobolds
  A quokka (D:1)
  9 ball pythons
  A frilled lizard (D:3)
  3 rats
68 creatures vanquished.

Notes
Turn   | Place    | Note
-------+----------+-------------------------------------------
     0 | D:1      | innerfire43 the Demonspawn Monk began the quest for the
                  | Orb.
     0 | D:1      | Reached XP level 1. HP: 18/18 MP: 1/1
    68 | D:1      | Found Ponycs's Magic Scroll Shop.
   118 | D:1      | Gained mutation: Your touch may inflict minor irresistible
                  | damage on your foes. [demonic ancestry]
   118 | D:1      | Reached XP level 2. HP: 19/24 MP: 2/2
   331 | D:1      | Reached XP level 3. HP: 5/29 MP: 3/3
   332 | D:1      | Identified a scroll of acquirement
   332 | D:1      | Acquired the +2 broad axe of Weomm {pain, *Noise Fragile
                  | Str+9 SInv}
   688 | D:2      | Reached skill level 1 in Necromancy
   688 | D:2      | Gained mutation: You are partially covered in thin metallic
                  | scales. (AC +2) [demonic ancestry]
   688 | D:2      | Reached XP level 4. HP: 27/36 MP: 4/4
  1095 | D:2      | Acquired the ring of Waci {Fly SInv}
  1551 | D:3      | Noticed Grinder
  1552 | D:3      | Paralysed by Grinder for 4 turns
  1571 | D:3      | Killed Grinder
  1572 | D:3      | Gained mutation: Your touch may inflict irresistible damage
                  | on your foes. [demonic ancestry]
  1572 | D:3      | Reached XP level 5. HP: 13/42 MP: 5/5
  1572 | D:3      | Reached XP level 6. HP: 15/48 MP: 6/6
  2478 | D:4      | Found an ancient bone altar of Kikubaaqudgha.
  2872 | D:5      | Entered Level 5 of the Dungeon
  2893 | D:5      | Slain by an ogre

Illustrated notes

Levels and vault maps discovered:
D:1:      roderic_crossed_star, layout_rooms, serial_shops, nicolae_diamond_shop
D:2:      layout_loops_cross
D:3:      layout_basic, uniq_grinder
D:4:      layout_basic, zin_academy, kennysheep_mini
D:5:      layout_basic, kennysheep_mini_moat, grunt_decor_one_mirror,
          kennysheep_generic_room_9

Skill      XL: |  1  2  3  4 |
---------------+-------------+-----
Axes           | 3 4 |  4.7
Dodging        | 3 |  3.1
Necromancy     | 1 3 |  3.9
Fighting       | 4 |  4.3

Action                     |  1- 3 |  4- 6 || total
---------------------------+-------+-------++-------
  Melee: Hand axe          |    44 |       ||    44
         Broad axe         |    19 |    68 ||    87
    Use: Scroll            |     1 |     1 ||     2
 Armour: Robe              |     7 |    15 ||    22
  Dodge: Dodged            |    52 |    38 ||    90

Table legend: (Time is in decaauts)
 A = Elapsed time spent in this place.
 B = Non-inter-level travel time spent in this place.
 C = Inter-level travel time spent in this place.
 D = Time resting spent in this place.
 E = Time spent auto-exploring this place.
 F = Levels seen in this place.
 G = Mean time per level.
                   A        B        C        D        E       F      G
               +--------+--------+--------+--------+--------+-----+--------+
         Total |   2933 |   2794 |    139 |      0 |   2356 |   5 |  586.6 |
       Dungeon |   2933 |   2794 |    139 |      0 |   2356 |   5 |  586.6 |
               +--------+--------+--------+--------+--------+-----+--------+

Top non-repeatable levels by time:
     D:4: 965 daAuts
     D:2: 710 daAuts
     D:1: 655 daAuts
     D:3: 580 daAuts
     D:5: 22 daAuts
